 Dungeon Crawl Stone Soup version 0.26-a0-244-g083ca260ac (webtiles) character file.

Game seed: 15431861600159717884

295 BritishOli the Skirmisher (level 6, 10/48 HPs)
             Began as a Demonspawn Fighter on July 8, 2020.
             Quit the game on level 4 of the Dungeon.
             The game lasted 00:02:59 (3862 turns).

BritishOli the Skirmisher (Demonspawn Fighter)      Turns: 3862, Time: 00:02:59

Health: 10/48      AC:  9    Str: 19    XL:     6   Next: 11%
Magic:  3/6        EV:  7    Int:  9    God:
Gold:   127        SH:  9    Dex: 12    Spells: 5/5 levels left

rFire    . . .     SeeInvis .   a - +0 long sword
rCold    . . .     Faith    .   c - +0 kite shield
rNeg     . . .     Spirit   +   b - +0 scale mail
rPois    .         Reflect  .   (no helmet)
rElec    .         Harm     .   (no cloak)
rCorr    +                      e - +1 pair of gloves
MR       .....                  (no boots)
Stlth    +.........             (no amulet)
HPRegen  0.16/turn              g - ring of resist corrosion
MPRegen  0.10/turn              (no ring)

@: no status effects
A: nightstalker 1, magic shield
a: no special abilities


You were on level 4 of the Dungeon.
You were not hungry.

You visited 1 branch of the dungeon, and saw 5 of its levels.

You collected 127 gold pieces.

Inventory:

Hand Weapons
 a - a +0 long sword (weapon)
Armour
 b - a +0 scale mail (worn)
 c - a +0 kite shield (worn)
 e - a +1 pair of gloves (worn)
Jewellery
 g - a ring of resist corrosion (left hand)
 n - an uncursed amulet of magic regeneration {unknown}
Scrolls
 h - 3 scrolls of remove curse {unknown}
 i - 2 scrolls of identify {unknown}
 m - a scroll of silence {unknown}
Potions
 d - a potion of might
 j - a potion of mutation {unknown}
 k - a potion of stabbing {unknown}
 l - 2 potions of curing {unknown}
 o - a potion of brilliance {unknown}
Comestibles
 f - 2 rations


   Skills:
 + Level 4.2 Fighting
 + Level 3.3 Long Blades
 + Level 3.9 Armour
 + Level 3.8 Shields


You had 5 spell levels left.
You didn't know any spells.
Your spell library was empty.

Dungeon Overview and Level Annotations

Branches:
Dungeon (5/15)
 Temple: D:4-7

Altars:
Cheibriados
Hepliaklqana
Vehumet
Wu Jian


Innate Abilities, Weirdness & Mutations

You are slightly more attuned to the shadows.
When hurt, damage is shared between your health and your magic reserves.


Message History

The adder skeleton bites you but does no damage.
You feel sick.
You see here a scale mail.
You feel sick.
You feel sick.
You are no longer poisoned.
The iguana bites you.
* * * LOW HITPOINT WARNING * * *
There is a stone staircase leading up here.
The iguana closely misses you.
You climb upwards.
You hear the sound of rushing water.
There is an entrance to a sewer on this level.
Hurry and find it before the portal rusts away!
There is a stone staircase leading down here.
Quiver which item? (- for none, * to show all) (? for menu, Esc to quit)
Okay, then.
You aren't carrying any items that you can evoke.
Quiver which item? (- for none, * to show all) (? for menu, Esc to quit)
Okay, then.
Are you sure you want to abandon this character and quit the game? (Confirm with "yes".)

#.# ...
#.# #.#
#.#
#.####.#
#@l.....
######.#


You could see an iguana.

Vanquished Creatures
  A water moccasin skeleton (D:5)
  An orc priest (D:3)
  A jelly (D:5)
  A worker ant (D:5)
  8 adders
  4 leopard geckos
  8 orcs
  2 giant cockroaches
  9 goblins
  13 hobgoblins
  2 jackals (D:2)
  6 kobolds
  5 quokkas
  8 bats
  3 frilled lizards
  4 rats
76 creatures vanquished.

Notes
Turn   | Place    | Note
-------+----------+-------------------------------------------
     0 | D:1      | BritishOli the Demonspawn Fighter began the quest for the
                  | Orb.
     0 | D:1      | Reached XP level 1. HP: 18/18 MP: 1/1
   142 | D:1      | Gained mutation: When hurt, damage is shared between your
                  | health and your magic reserves. [demonic ancestry]
   142 | D:1      | Reached XP level 2. HP: 22/24 MP: 2/2
   819 | D:2      | Reached XP level 3. HP: 13/29 MP: 3/3
  1643 | D:2      | Found a radiant altar of Vehumet.
  1687 | D:2      | Gained mutation: You are slightly more attuned to the
                  | shadows. [demonic ancestry]
  1687 | D:2      | Reached XP level 4. HP: 33/35 MP: 2/4
  3019 | D:3      | Found an ornate altar of the Wu Jian Council.
  3152 | D:3      | Reached XP level 5. HP: 32/42 MP: 3/5
  3379 | D:3      | You fall into a shaft and drop 2 floors!
  3379 | D:5      | Entered Level 5 of the Dungeon
  3499 | D:5      | Reached skill level 4 in Fighting
  3696 | D:5      | Found a snail-covered altar of Cheibriados.
  3807 | D:5      | Found a hazy altar of Hepliaklqana.
  3831 | D:5      | Reached XP level 6. HP: 24/48 MP: 3/6
  3862 | D:4      | Quit the game

Illustrated notes

Levels and vault maps discovered:
D:1:      elethiomel_arrival_maze, layout_basic, kennysheep_decorative_pillar,
          chequers_serial_rivers_marsh
D:2:      layout_basic, nicolae_overflow_hidden_temple, minmay_cut_off
D:3:      minmay_skewed_foursquare, layout_basic, lemuel_doored_altar,
          first_ration, minmay_between
D:4:      layout_basic, grunt_gozag_breadcrumbs, serial_shops, shop,
          gup_sewer_entry_bowl
D:5:      layout_cave_pods, overflow_temple_1_default, lemuel_crystal_altar,
          lightli_temple_of_fire, kb_xom_exploding_sheep, serial_shops, shop,
          led_sif_pool

Skill      XL: |  1  2  3  4  5 |
---------------+----------------+-----
Long Blades    | 2 3 |  3.3
Armour         | 3 |  3.9
Shields        | 3 |  3.8
Fighting       | 4 |  4.2

Action                   |  1- 3 |  4- 6 || total
-------------------------+-------+-------++-------
Melee: Long sword        |   132 |   178 ||   310
  Eat: Ration            |     1 |     2 ||     3
Armor: Scale mail        |    98 |   131 ||   229
Dodge: Dodged            |    56 |    78 ||   134
Block: Kite shield       |    87 |   127 ||   214
       Rpst.: Long sword |    17 |    17 ||    34

Table legend:
 A = Non-vault XP
 B = Vault XP
 C = Vault XP percentage of total XP
 D = Non-vault monster count
 E = Vault monster count
 F = Vault count percentage of total count
                 A         B        C        D         E       F
            +---------+---------+-------+---------+---------+-------
      Total |     374 |      48 |  11.4 |      62 |      14 |  18.4
            +---------+---------+-------+---------+---------+-------
        D:1 |      29 |       0 |   0.0 |      17 |       0 |   0.0
        D:2 |      83 |      19 |  18.6 |      23 |       4 |  14.8
        D:3 |      58 |      29 |  33.3 |       9 |      10 |  52.6
        D:5 |     204 |       0 |   0.0 |      13 |       0 |   0.0
            +---------+---------+-------+---------+---------+-------
